 Dungeon Crawl Stone Soup version 0.29.1-15-g9cfb28693d (webtiles) character file.

Game seed: 68633359920315898

49 valet the Trooper (level 3, 0/33 HPs)
             Began as a Minotaur Abyssal Knight on Mar 5, 2023.
             Was a Believer of Lugonu.
             Slain by a gnoll
             ... wielding a +0 flail
              (6 damage)
             ... on level 2 of the Dungeon.
             The game lasted 00:04:12 (1574 turns).

valet the Trooper (Minotaur Abyssal Knight)         Turns: 1574, Time: 00:04:13

Health: 0/33       AC:  3    Str: 19    XL:     3   Next: 51%
Magic:  2/3        EV: 11    Int:  7    God:    Lugonu [**....]
Gold:   72         SH:  0    Dex: 10    Spells: 2/2 levels left

rFire   . . .      SeeInvis .   a - +2 hand axe
rCold   . . .      Faith    .   (no shield)
rNeg    . . .      Spirit   .   b - +0 leather armour
rPois   .          Reflect  .   (helmet restricted)
rElec   .          Harm     .   (no cloak)
rCorr   .          Rampage  .   (no gloves)
Will    .....                   (no boots)
Stlth   +.........              (no amulet)
HPRegen 0.11/turn               (no ring)
MPRegen 0.08/turn               (no ring)

@: no status effects
A: horns 2, retaliatory headbutt
a: Renounce Religion, Depart the Abyss, Bend Space


You were on level 2 of the Dungeon.
You worshipped Lugonu.
Lugonu was pleased with you.
You visited 1 branch of the dungeon, and saw 2 of its levels.
You visited the Abyss 1 time.

You collected 72 gold pieces.

Inventory:

Hand Weapons
 a - a +2 hand axe (weapon)
Armour
 b - a +0 leather armour (worn)
Jewellery
 d - an amulet of magic regeneration
Scrolls
 e - a scroll of enchant weapon
 f - 2 scrolls of immolation {unknown}
 g - a scroll of enchant armour {unknown}
Potions
 c - a potion of curing {unknown}


   Skills:
 + Level 4.1 Fighting
 + Level 3.1 Axes
 + Level 3.1 Armour
 + Level 2.0 Dodging
 - Level 1.9 Invocations


You had 2 spell levels left.
You didn't know any spells.
Your spell library contained the following spells:

 Spells                   Type           Power      Damage    Failure   Level
 Alistair's Intoxication  Tmut/Pois      0%         N/A       100%        5
 Borgnjor's Vile Clutch   Necr/Erth      0%         N/A       100%        5
 Eringya's Noxious Bog    Tmut/Pois      0%         N/A       100%        6


Dungeon Overview and Level Annotations

Branches:
Dungeon (2/15)

Altars:


Innate Abilities, Weirdness & Mutations

You have a pair of horns on your head.
You reflexively headbutt those who attack you in melee.


Message History

The adder bites you.
You are poisoned.
The adder poisons you!
You hit the adder but do no damage.
The adder is lightly wounded.
You feel sick. The adder barely misses you. You furiously retaliate!
You headbutt the adder! You miss the adder. Your headbutt misses the adder.
The adder is almost dead.
You feel sick. The adder bites you. The adder closely misses you.
You furiously retaliate!
You headbutt the adder.
You kill the adder!
Lugonu accepts your kill.
Your Dodging skill increases to level 2!
You barely miss the bat. Your headbutt misses the bat.
You feel sick.
You are no longer poisoned.
The bat hits you but does no damage.
You hit the gnoll.
You headbutt the gnoll, but do no damage.
The gnoll is lightly wounded.
The gnoll barely misses you.
You closely miss the gnoll.
The gnoll is lightly wounded.
The gnoll closely misses you.
Unknown command.
You hit the gnoll.
The gnoll is moderately wounded.
The gnoll closely misses you. The gnoll misses you.
You hit the gnoll.
The gnoll is heavily wounded.
The gnoll hits you with a +0 flail.
The gnoll hits you from afar with a +0 spear!
* * * LOW HITPOINT WARNING * * *
You are too injured to fight recklessly!
Space bends violently around you!
You blink.
Found 9 gold pieces and a book of Maledictions.
The gnoll blinks!
The kobold blinks!
The bat hits you.
* * * LOW HITPOINT WARNING * * *
The gnoll hits you with a +0 flail.
You die...

#########
.......:##
......)..#
....g....#
..K......#
.........#
......wb.#
$.....gg@#
######.#.#
#ยง#.#
#######.#.#
#.......#..
#......####
#......#
#......#
#.######


You could see 3 gnolls, a dart slug, a bat and a kobold.

Vanquished Creatures
  An adder (D:2)
  A worm (D:2)
  2 dart slugs (D:1)
  3 ball pythons
  5 bats
  2 endoplasms (D:1)
  A giant cockroach (D:1)
  3 goblins (D:1)
  A hobgoblin (D:1)
  6 quokkas
  2 frilled lizards (D:1)
  A rat (D:2)
28 creatures vanquished.

Notes
Turn   | Place    | Note
-------+----------+-------------------------------------------
     0 | Abyss:1  | valet the Minotaur Abyssal Knight began the quest for the
                  | Orb.
     0 | Abyss:1  | Reached XP level 1. HP: 19/19 MP: 1/1
    17 | Abyss:1  | Found a corrupted altar of Lugonu.
    51 | Abyss:1  | Noticed a rust devil
    52 | D:1      | Escaped the Abyss
   276 | D:1      | Reached XP level 2. HP: 23/27 MP: 2/2
   467 | D:1      | Found a faded altar of an unknown god.
   932 | D:1      | Reached skill level 4 in Fighting
  1033 | D:1      | Reached XP level 3. HP: 33/33 MP: 3/3
  1574 | D:2      | Slain by a gnoll

Illustrated notes

Levels and vault maps discovered:
D:1:      dpeg_arrival_lava_altar, layout_loops_corners, serial_glass,
          glass_columns_a, glass_columns_c,
          hellmonk_ecumenical_altar_inner_sanctum
D:2:      layout_basic

Skill      XL: |  1  2  3 |
---------------+----------+-----
Fighting       | 4 |  4.1
Axes           | 3 |  3.1
Armour         | 3 |  3.1
Dodging        | 2 |  2.0
Invocations    | |  1.9

Action                   || total
-------------------------++-------
Melee: Hand axe          ||    60
       Headbutt          ||    10
Invok: Depart the Abyss  ||     1
       Bend Space        ||     2
  Use: Scroll            ||     1
Armor: Leather armour    ||    18
Dodge: Dodged            ||    43
